 Dungeon Crawl Stone Soup version 0.20-a0-1043-gbd57889 (webtiles) character file.

18 Gorglomux the Chucker (level 2, -4/25 HPs)
             Began as a Hill Orc Hunter on Apr 24, 2017.
             Slain by a kobold
             ... wielding a +0 whip
              (6 damage)
             ... on level 1 of the Dungeon.
             The game lasted 00:01:58 (522 turns).

Gorglomux the Chucker (Hill Orc Hunter)              Turns: 522, Time: 00:01:59

Health: -4/25      AC:  3    Str: 14    XL:     2   Next: 66%
Magic:  2/2        EV: 11    Int: 11    God:
Gold:   35         SH:  0    Dex: 11    Spells: 1/1 levels left

rFire    . . .     SeeInvis .   i - +0 hand axe
rCold    . . .     Gourm    .   (no shield)
rNeg     . . .     Faith    .   b - +0 leather armour
rPois    .         Spirit   .   (no helmet)
rElec    .         Reflect  .   (no cloak)
rCorr    .         Harm     .   (no gloves)
MR       .....                  (no boots)
Stlth    +.........             (no amulet)
Regen    0.1/turn               (no ring)
MPRegen  0.1/turn               (no ring)

@: no status effects
A: no striking features
a: no special abilities


You were on level 1 of the Dungeon.
You were not hungry.

You visited 1 branch of the dungeon, and saw 1 of its levels.

You collected 35 gold pieces.

Inventory:

Hand Weapons
 a - a +0 short sword
 i - a +0 hand axe (weapon)
   (You found it on level 1 of the Dungeon)
Missiles
 c - 5 javelins (quivered)
 d - 2 throwing nets {=f, !d}
Armour
 b - a +0 leather armour (worn)
Scrolls
 k - a scroll of identify {unknown}
Potions
 e - a potion of degeneration {unknown}
 g - a potion of mutation {unknown}
Comestibles
 f - a bread ration {@e1@e1}
 h - a royal jelly
 j - 4 chunks of flesh {@w0@w0}
 l - a meat ration {@e2@e2}


   Skills:
 - Level 2.9 Fighting
 + Level 2.3 Axes
 - Level 3.6 Throwing
 - Level 1.5 Dodging
 - Level 0.7 Stealth


You had one spell level left.
You didn't know any spells.

Dungeon Overview and Level Annotations

Branches:
Dungeon (1/15)

Altars:


Message History

Aim: a leopard gecko You throw a javelin.
The javelin hits the leopard gecko but does no damage.
You aren't carrying any spellbooks or scrolls.
You hit the leopard gecko. The leopard gecko closely misses you.
The leopard gecko bites you but does no damage.
You barely miss the leopard gecko. The leopard gecko barely misses you.
Unknown command.
You hit the leopard gecko.
You kill the leopard gecko!
No target in view!
Unknown command.
No target in view!
A rat and a giant cockroach come into view.
You see here a leopard gecko corpse.
You butcher the leopard gecko corpse.
You see here 2 chunks of flesh {@w0@w0}.
There are monsters nearby!
There are monsters nearby!
You swing at nothing.
You completely miss the rat. The rat closely misses you.
You hit the rat.
You kill the rat!
You swing at nothing.
The giant cockroach closely misses you.
You hit the giant cockroach but do no damage.
The giant cockroach bites you but does no damage. x2
You hit the giant cockroach.
The giant cockroach bites you but does no damage.
You hit the giant cockroach.
You kill the giant cockroach!
You swing at nothing.
You swing at nothing.
j - 2 chunks of flesh {@w0@w0}
j - 3 chunks of flesh {@w0@w0} (gained 1)
You see here a club.
k - a scroll labeled IDDUBL TEEHA
c - 4 javelins (gained 1)
c - 5 javelins (gained 1)
A dart slug comes into view.
Health restored: 25 A dart slug is nearby!
A dart slug is nearby!
A dart slug is nearby!
The dart slug launches a dart at you. The slug dart misses you.
A bat comes into view.
You hit the dart slug. The dart slug bites you.
You take 2 damage, and have 23/25 hp.
You hit the dart slug but do no damage.
The dart slug bites you but does no damage.
You hit the dart slug.
You kill the dart slug!
Your Axes skill increases to level 2!
The bat barely misses you. The bat closely misses you.
The bat barely misses you.
You barely miss the bat. The bat barely misses you.
The bat hits you but does no damage.
You barely miss the bat. The bat closely misses you. The bat hits you.
You hit the bat. The bat misses you. The bat hits you but does no damage.
The bat hits you but does no damage.
You slash the bat!
You kill the bat!
You see here a bat corpse.
You butcher the bat corpse.
j - 4 chunks of flesh {@w0@w0} (gained 1)
You now have 35 gold pieces (gained 8).
l - a meat ration {@e2@e2} You see here 13 sling bullets.
A hobgoblin comes into view. It is wielding a club.
A hobgoblin is nearby!
A hobgoblin is nearby!
A kobold comes into view.
The hobgoblin shouts!
You hear a shout!
The hobgoblin hits you with a club.
A kobold comes into view. It is wielding a whip.
You take 4 damage, and have 20/25 hp.
You hit the hobgoblin. The hobgoblin hits you with a club.
You take 2 damage, and have 18/25 hp.
You closely miss the hobgoblin.
The hobgoblin hits you but does no damage.
You hit the hobgoblin.
You kill the hobgoblin!
You hit the kobold but do no damage. You hit the kobold. The kobold hits you.
The kobold hits you with a whip.
You take 9 damage, and have 9/25 hp.
MASSIVE DAMAGE!!
You hit the kobold.
You kill the kobold!
You closely miss the kobold. The kobold closely misses you.
A leopard gecko comes into view.
You barely miss the kobold. The kobold hits you but does no damage.
The leopard gecko hisses angrily.
You hit the kobold. The kobold hits you with a whip.
* * * LOW HITPOINT WARNING * * *
You take 3 damage, and have 6/25 hp.
You hit the kobold but do no damage. The kobold hits you with a whip.
* * * LOW HITPOINT WARNING * * *
The kobold hits you with a whip.
You die...

## ##. .. #.# ..
########.######
#...[.)Kl...... #@.# #.#
###.## #.# ... #######.(.#
#.# ## . ...
......#.#######.### #. . ..
.# #..............##.# .
#.##.# #...######..##..... #
#.#.. ###.#######.........##
# #...# #...####....).# #..#
#
#..###.####...##.#.######.###


You could see a leopard gecko and a kobold.

Vanquished Creatures
  A dart slug (D:1)
  2 leopard geckos (D:1)
  A giant cockroach (D:1)
  3 hobgoblins (D:1)
  A ball python (D:1)
  2 bats (D:1)
  2 kobolds (D:1)
  A rat (D:1)
13 creatures vanquished.

Notes
Turn   | Place    | Note
-------+----------+-------------------------------------------
     0 | D:1      | Gorglomux the Hill Orc Hunter began the quest for the Orb.
     0 | D:1      | Reached XP level 1. HP: 18/18 MP: 1/1
    51 | D:1      | HP: 4/18 [leopard gecko (3)]
   350 | D:1      | Reached skill level 1 in Axes
   371 | D:1      | Reached XP level 2. HP: 16/25 MP: 2/2
   485 | D:1      | Reached skill level 2 in Axes
   521 | D:1      | HP: 6/25 [kobold/whip (3)]
   522 | D:1      | HP: 2/25 [kobold/whip (4)]
   522 | D:1      | Slain by a kobold

Vault maps used:
D:1:      matt_arrival_los_fun

Skill      XL: |  1  2 |
---------------+-------+-----
Axes           | 1 2 |  2.3
Fighting       | |  2.9
Throwing       | |  3.6
Dodging        | |  1.5
Stealth        | |  0.7

Action                   || total
-------------------------++-------
Melee: Short sword       ||    15
       Hand axe          ||    27
Throw: Javelin           ||     6
Armor: Leather armour    ||    20
Dodge: Dodged            ||    31

Vault maps used:
D:1:      matt_arrival_los_fun

Table legend:
 A = Turns spent in this place as a percentage of turns spent in the entire game.
 B = Non-inter-level travel turns spent in this place as a percentage of non-inter-level travel turns spent in the entire game.
 C = Inter-level travel turns spent in this place as a percentage of turns spent in this place.
 D = Turns resting spent in this place as a percentage of non-inter-level travel turns spent in this place.
 E = Turns spent auto-exploring this place as a percentage of non-inter-level travel turns spent in this place.
 F = Non-inter-level travel turns spent in this place divided by the number of levels of this place that you've seen.
                   A       B       C       D       E      F
               +-------+-------+-------+-------+-------+----------------------
         Total | 100.0 | 100.0 |   0.0 |   2.6 |   5.2 | 154.0
       Dungeon | 100.0 | 100.0 |   0.0 |   2.6 |   5.2 | 154.0
               +-------+-------+-------+-------+-------+----------------------

Table legend:
 A = Kills in this place as a percentage of kills in entire the game.
 B = Kills by you in this place as a percentage of kills by you in the entire game.
 C = Kills by friends in this place as a percentage of kills by friends in the entire game.
 D = Other kills in this place as a percentage of other kills in the entire game.
 E = Experience gained in this place as a percentage of experience gained in the entire game.
 F = Experience gained in this place divided by the number of levels of this place that you have seen.
                   A       B       C       D       E      F
               +-------+-------+-------+-------+-------+----------------------
         Total | 100.0 | 100.0 |  -nan |  -nan | 100.0 |  26.0
       Dungeon | 100.0 | 100.0 |  -nan |  -nan | 100.0 |  26.0
               +-------+-------+-------+-------+-------+----------------------
